cohdb
Replays
Latest Replays
All Replays
Popular Replays
Top Player Replays
Match Explorer
How It Works
Community
CoH3 Stats
Reddit
Sign in to upload your games and track your stats! →
Sign in with Steam
Match 43038079
Unlisted
Match 43038079
Overview
Messages
Build Orders
End
Selects Air and Sea Battlegroup
Construct Section Command Post
Infantry Section
Infantry Section
Infantry Section
Selects Supply Surplus
Construct Resource Cache
Construct Platoon Command Post
Construct Resource Cache
Construct Resource Cache
Unlock M3 Stuart Light Tanks
M3 Stuart Light Tank
Selects Commando Section Paradrop
Selects M1 Pack Howitzer Paradrop
M3 Stuart Light Tank
Commando Section Paradrop
Construct Company Command Post
Infantry Training
Selects Incendiary Bombing Run
Selects UNKNOWN (223837)
Construct Resource Cache
Construct Resource Cache
Matilda II Heavy Tank
Grenade Package
Matilda II Heavy Tank
Incendiary Bombing Run
Construct Field Infirmary
Construct Resource Cache
Selects Assault Flares
Construct Resource Cache
Matilda II Heavy Tank
Incendiary Bombing Run
Commando Section Paradrop
Construct Resource Cache
Construct Resource Cache
Incendiary Bombing Run
Commando Section Paradrop
Assault Flares
Construct Resource Cache
CMP 15cwt Truck
Incendiary Bombing Run
Assault Flares
Incendiary Bombing Run
Matilda II Heavy Tank
Matilda II Heavy Tank
Incendiary Bombing Run
Serial Chiller
BanditoDescondanito
Lefaucheur93
Пожилой дед
DeadLogic
and Bob's your uncle
Tekkaz
Lt Ghost
0
0
Comments
sign in to comment!
No comments posted yet!